AoeStats
← 拿出我四十米大刀

Arabia

504674561Analyzed
3v3 RM · 27d ago on Sep 6, 2026· 42m 57s· 6 players
Game mode
Random Map
Map size
Normal (6 player)
Population
200
Speed
Normal
Resources
Standard
Victory
Conquest
Starting age
Dark Age
Ending age
Imperial Age
RankedLock teamsTeams togetherTeam positionsShared explorationLock speedFull tech treeHidden civsTurbo modeCheats
Victory
Defeat
🇨🇳 Saracens · China
859
+16
🇧🇷 Franks · Brazil
856
+16
🇩🇰 Britons · Denmark
816
+18
1000
-74
🇹🇼 Malay · Taiwan
819
-38
🇦🇷 Teutons · Argentina
778
-13
KatituWanted
0:38 Loom
10:51 Feudal Age
15:58 Man-at-Arms
22:27 Castle Age
20:55 Scale Barding Armor
22:25 Gold Mining
24:36 Husbandry
24:02 Light Cavalry
31:32 Chain Barding Armor
37:03 Imperial Age
37:18 Imperial Age
35:24 Wheelbarrow
37:52 Forging
37:38 Stone Mining
38:27 Gold Shaft Mining
37:23 Cavalier
38:44 Plate Barding Armor
39:32 Double-Bit Axe
40:22 Conscription
40:16 Paladin
42:21 Scale Mail Armor
42:57 Iron Casting
kilfal
5:53 Loom
11:51 Feudal Age
12:25 Double-Bit Axe
21:39 Castle Age
19:52 Horse Collar
20:39 Gold Mining
21:29 Stone Mining
22:39 Bow Saw
23:01 Husbandry
24:08 Scale Barding Armor
24:07 Heavy Plow
23:53 Light Cavalry
26:22 Forging
28:18 Gold Shaft Mining
29:28 Wheelbarrow
33:00 Imperial Age
31:40 Iron Casting
31:35 Bloodlines
33:04 Hand Cart
34:05 Ballistics
34:53 Two-Man Saw
34:22 Fletching
35:04 Conscription
36:48 Blast Furnace
37:01 Chain Barding Armor
36:49 Hussar
38:51 Murder Holes
39:06 Elite Mameluke
42:57 Plate Barding Armor
LUSK
11:53 Feudal Age
12:59 Double-Bit Axe
18:40 Gold Mining
21:45 Castle Age
20:46 Fletching
22:56 Bow Saw
22:25 Crossbowman
23:45 Gold Shaft Mining
23:13 Bodkin Arrow
23:19 Padded Archer Armor
26:22 Ballistics
25:43 Treadmill Crane
26:35 Horse Collar
28:01 Leather Archer Armor
31:11 Wheelbarrow
30:49 Heavy Plow
30:43 Stone Mining
31:10 Murder Holes
32:51 Scale Barding Armor
34:19 Squires
41:57 Imperial Age
39:46 Hand Cart
想當鹹魚
11:47 Feudal Age
12:24 Wheelbarrow
16:02 Double-Bit Axe
28:51 Horse Collar
29:24 Arson
30:25 Town Watch
30:18 Man-at-Arms
拿出我四十米大刀
12:04 Feudal Age
15:42 Wheelbarrow
17:07 Horse Collar
17:23 Double-Bit Axe
17:33 Gold Mining
25:56 Castle Age
25:56 Elite Skirmisher
27:09 Stone Mining
27:22 Heavy Plow
27:41 Bow Saw
28:04 Fletching
30:13 Pikeman
33:38 Forging
33:30 Scale Mail Armor
36:09 Chain Mail Armor
36:08 Caravan
37:31 Iron Casting
37:53 Squires
38:16 Hand Cart
42:05 Imperial Age
42:11 Elite Fire Lancer
TAIWAN_NO.1
11:04 Feudal Age
11:29 Horse Collar
11:38 Double-Bit Axe
13:25 Gold Mining
20:03 Castle Age
22:43 Bow Saw
25:48 Imperial Age
28:38 Stone Mining
30:38 Caravan
32:30 Stone Shaft Mining
40:28 Pikeman
41:10 Squires
Connection lost

Rejoining the realm…

Still unreachable

The connection could not be restored.

Session expired

The server has moved on; the page needs a fresh start.